 Dungeon Crawl Stone Soup version 0.29-a0-22-gbf593b16ee (webtiles) character file.

Game seed: 4307104441248911077

51 Hknk the Skirmisher (level 3, -4/33 HPs)
             Began as a Minotaur Fighter on Jan 29, 2022.
             Slain by a scorpion (7 damage)
             ... on level 3 of the Dungeon.
             The game lasted 00:10:30 (1170 turns).

Hknk the Skirmisher (Minotaur Fighter)              Turns: 1170, Time: 00:10:30

Health: -4/33      AC:  7    Str: 22    XL:     3   Next: 58%
Magic:  2/2        EV:  9    Int:  5    God:
Gold:   112        SH:  4    Dex:  9    Spells: 2/2 levels left

rFire   . . .      SeeInvis .   a - +0 long sword
rCold   . . .      Faith    .   c - +0 buckler
rNeg    . . .      Spirit   .   b - +0 scale mail
rPois   .          Reflect  .   (helmet restricted)
rElec   .          Harm     .   (no cloak)
rCorr   .          Rampage  .   (no gloves)
Will    .....                   (no boots)
Stlth   ..........              (no amulet)
HPRegen 0.11/turn               (no ring)
MPRegen 0.08/turn               (no ring)

@: no status effects
A: horns 2, retaliatory headbutt
a: no special abilities


You were on level 3 of the Dungeon.
You visited 1 branch of the dungeon, and saw 3 of its levels.

You collected 112 gold pieces.

Inventory:

Hand Weapons
 a - a +0 long sword (weapon)
 k - a +0 hunting sling
Missiles
 h - 22 sling bullets
 m - 3 javelins (quivered)
Armour
 b - a +0 scale mail (worn)
 c - a +0 buckler (worn)
Scrolls
 j - a scroll of identify {unknown}
 l - a scroll of magic mapping {unknown}
 p - a scroll of immolation {unknown}
Potions
 d - a potion of might
 e - a potion of magic {unknown}
 f - a potion of brilliance {unknown}
 g - a potion of mutation {unknown}
 i - a potion of curing
 n - a potion of lignification {unknown}
 o - a potion of flight {unknown}


   Skills:
 + Level 4.2 Fighting
 + Level 3.2 Long Blades
 + Level 4.1 Armour
 + Level 4.2 Shields


You had 2 spell levels left.
You didn't know any spells.
Your spell library contained the following spells:

 Spells                   Type           Power      Damage    Failure   Level
 Ignite Poison            Fire/Tmut/Pois 0%         N/A       99%         3
 Mephitic Cloud           Conj/Pois/Air  0%         N/A       99%         3
 Freezing Cloud           Conj/Ice/Air   0%         6-21      100%        5


Dungeon Overview and Level Annotations

Branches:
Dungeon (3/15)

Altars:

Shops:
D:1 *

Annotations:
D:3 Robin


Innate Abilities, Weirdness & Mutations

You have a pair of horns on your head.
You reflexively headbutt those who attack you in melee.


Message History

You hit the goblin.
You kill the goblin!
You closely miss the scorpion. You headbutt the scorpion!
The scorpion is heavily wounded.
The goblin no longer looks unusually strong.
The scorpion stings you.
You are poisoned.
The scorpion poisons you! The scorpion stings you.
You closely miss the scorpion. You headbutt the scorpion.
The scorpion is severely wounded.
You feel very sick. The scorpion stings you.
You are lethally poisoned!
The scorpion poisons you! You block the scorpion's attack.
You closely miss the scorpion.
The scorpion is severely wounded.
* * * LOW HITPOINT WARNING * * *
You feel very sick. The scorpion stings you.
* * * LOW HITPOINT WARNING * * *
It was a potion of curing.
You feel better. The scorpion stings you.
* * * LOW HITPOINT WARNING * * *
The scorpion barely misses you.
You closely miss the scorpion. Your headbutt misses the scorpion.
The scorpion is heavily wounded.
The scorpion barely misses you.
The scorpion stings you but does no damage.
You closely miss the scorpion. Your headbutt misses the scorpion.
The scorpion is heavily wounded.
The scorpion misses you.
You closely miss the scorpion. Your headbutt misses the scorpion.
The scorpion is heavily wounded.
The scorpion stings you.
* * * LOW HITPOINT WARNING * * *
You block the scorpion's attack.
You completely miss the scorpion.
You headbutt the scorpion, but do no damage.
The scorpion is heavily wounded.
The scorpion stings you!
You die...

.#.#.#g#.#
.....g)#.##
#.#
#####g..#.....
#gg.gg...#
#g###...## #g#
##..# #g#
##.## #s#
####.###...
#@#
#.†........
#.#
#<####.####
#.###...# .#
#...#.#.##.#
#.#........#
#.#.#.#.#..#
..........>#
.#.#.#.#.#.##
###.#.......#


You could see a scorpion, a hobgoblin and 4 goblins.

Vanquished Creatures
  An adder (D:2)
  2 endoplasms (D:1)
  A giant cockroach (D:1)
  9 goblins
  3 hobgoblins
  4 jackals (D:3)
  6 kobolds
  2 quokkas (D:2)
  A ball python (D:1)
  2 bats (D:1)
  5 frilled lizards
  2 rats (D:1)
38 creatures vanquished.

Notes
Turn   | Place    | Note
-------+----------+-------------------------------------------
     0 | D:1      | Hknk the Minotaur Fighter began the quest for the Orb.
     0 | D:1      | Reached XP level 1. HP: 19/19 MP: 0/0
   295 | D:1      | Found Gaikla's General Store.
   368 | D:1      | Reached XP level 2. HP: 27/27 MP: 1/1
   607 | D:2      | Found a faded altar of an unknown god.
   624 | D:2      | Reached XP level 3. HP: 33/33 MP: 2/2
  1142 | D:3      | Noticed Robin
  1142 | D:3      | Noticed a scorpion
  1170 | D:3      | Slain by a scorpion

Illustrated notes

Levels and vault maps discovered:
D:1:      sevenhm_arrival_forest_fort_large_2, layout_rooms, serial_shops,
          nicolae_shop_advertising_works [nicolae_subvault_shop_adworks],
          minmay_misc_feat_room, st_stairs_10, corexii_item_surrounded_by_moat
D:2:      layout_basic, shapermc_ecumenical_altar_acropolis
D:3:      layout_loops_ring, minitemple, serial_co_window_serial,
          co_window_corner_a, co_window_cross_1, co_window_paths_a,
          co_window_cross_1, co_window_paths_a, co_window_broadway_c,
          co_window_corner_cb, co_window_2corner, co_window_4corner_b,
          glass_columns_c, glass_columns_b, glass_columns_c, minmay_cut_off,
          uniq_robin

Skill      XL: |  1  2 |
---------------+-------+-----
Fighting       | 4 |  4.2
Long Blades    | 3 |  3.2
Armour         | 4 |  4.1
Shields        | 4 |  4.2

Action                   || total
-------------------------++-------
Melee: Long sword        ||    79
       Headbutt          ||     9
 Fire: Hunting sling     ||     1
Throw: Javelin           ||     7
  Use: Potion            ||     1
Armor: Scale mail        ||    31
Dodge: Dodged            ||    40
Block: Buckler           ||    19

Table legend: (Time is in decaauts)
 A = Elapsed time spent in this place.
 B = Non-inter-level travel time spent in this place.
 C = Inter-level travel time spent in this place.
 D = Time resting spent in this place.
 E = Time spent auto-exploring this place.
 F = Levels seen in this place.
 G = Mean time per level.
                   A        B        C        D        E       F      G
               +--------+--------+--------+--------+--------+-----+--------+
         Total |   1197 |   1197 |      0 |     11 |     36 |   3 |  399.0 |
       Dungeon |   1197 |   1197 |      0 |     11 |     36 |   3 |  399.0 |
               +--------+--------+--------+--------+--------+-----+--------+

Top non-repeatable levels by time:
     D:2: 585 daAuts
     D:1: 536 daAuts
     D:3: 75 daAuts
